WCHLSIM.com - West Coast Hockey League
html PUBLIC "-//W3C//DTD XHTML 1.0 Transitional//EN" "http://www.w3.org/TR/xhtml1/DTD/xhtml1-transitional.dtd"> WCHL - Game 902 - SASKATOON DUCKS vs OAKLAND GORILLAS

SASKATOON DUCKS vs OAKLAND GORILLAS

Created - 31 mars 2021 at 22:06

Goals
1 2 3 T
SASKATOON DUCKS 2 2 0 4
OAKLAND GORILLAS 0 0 1 1
Shots
1 2 3 T
SASKATOON DUCKS 10 7 13 30
OAKLAND GORILLAS 5 4 11 20

1st period

1. SASKATOON DUCKS , Anthony Duclair 7 (Jakub Vrana 17, Samuel Girard 15) at 3:23
2. SASKATOON DUCKS , Jakub Vrana 12 (Anthony Duclair 12, Samuel Girard 16) at 13:59

Penalties :
Anthony Duclair (SAS) for Hooking (Minor) at 6:35, Michael Dal Colle (OAK) for Roughing (Minor) at 11:57

2nd period

3. SASKATOON DUCKS , Jakub Vrana 13 (Dylan Strome 34, Anthony Duclair 13) at 7:47 (PP)
4. SASKATOON DUCKS , William Nylander 23 (Ryan Strome 37, Artemi Panarin 32) at 9:16

Penalties :
Kurtis MacDermid (OAK) for High sticking (Minor) at 7:17, Mikhail Sergachev (OAK) for Holding (Minor) at 13:31, Zdeno Chara (SAS) for Boarding (Minor) at 17:15

3rd period

5. OAKLAND GORILLAS , Nico Hischier 27 (Tomas Tatar 29, Jakob Chychrun 14) at 17:06 (PP)

Penalties :
Nick Leddy (OAK) for Hooking (Minor) at 3:40, Blake Comeau (SAS) for Hooking (Minor) at 15:56

Goalie Stats

Jordan Binnington (SAS), 19 saves from 20 shots - (0,950), W, 33-10-6, 60:00 minutes
Charlie Lindgren (OAK), 13 saves from 13 shots - (1,000), 30:44 minutes
Matthew Murray (OAK), 13 saves from 17 shots - (0,765), L, 16-18-3, 29:16 minutes

Players Stats for SASKATOON DUCKS

Player Name              G  A  P  +/- PIM S  H  SB GA TA FO     MP     PP MP  PK MP  
------------------------------------------------------------------------------------
Alex Goligoski           0  0  0   1  0   3  0  0  0  0  0/0    25:14   2:43   2:58 
Andrej Sekera            0  0  0   0  0   0  0  1  0  0  0/0    13:22   0:30   0:55 
Anthony Duclair          1  2  3   1  2   4  0  0  0  0  2/4    21:13   2:54   0:46 
Artemi Panarin           0  1  1   2  0   4  0  0  0  0  2/4    24:27   3:03   0:00 
Blake Comeau             0  0  0   0  2   2  1  0  0  0  0/0    11:43   0:30   1:47 
Dylan Strome             0  1  1   0  0   1  0  0  0  0  8/17   10:43   2:54   0:00 
Jakub Vrana              2  1  3   1  0   4  1  0  0  0  0/1    20:28   2:54   0:00 
Jan Drozg                0  0  0   0  0   0  0  0  0  0  0/0     0:00   0:00   0:00 
Jason Spezza             0  0  0   0  0   0  0  0  0  0  0/0    10:08   0:00   0:41 
Joe Thornton             0  0  0   1  0   2  2  0  0  0  14/23  19:49   0:00   2:15 
Radko Gudas              0  0  0   0  0   0  0  2  0  0  0/0    14:44   0:30   2:17 
Ryan McDonagh            0  0  0   1  0   1  0  3  0  0  0/0    25:07   2:43   2:51 
Ryan Strome              0  1  1   2  0   2  0  0  0  0  11/22  17:08   3:33   0:00 
Samuel Girard            0  2  2   2  0   1  0  0  0  0  0/0    20:09   3:14   0:00 
Tyler Bozak              0  0  0   0  0   1  0  0  0  0  8/12   11:39   0:00   2:12 
Warren Foegele           0  0  0   0  0   1  3  0  0  0  1/3    10:24   0:00   2:35 
William Nylander         1  0  1   2  0   3  0  0  0  0  0/1    17:08   3:33   0:00 
Zdeno Chara              0  0  0   2  2   1  1  1  0  0  0/0    21:23   3:14   1:15 

Players Stats for OAKLAND GORILLAS

Player Name              G  A  P  +/- PIM S  H  SB GA TA FO     MP     PP MP  PK MP  
------------------------------------------------------------------------------------
Alexander Wennberg       0  0  0  -2  0   0  0  0  0  0  9/22   18:25   2:08   0:00 
Colin White              0  0  0  -2  0   0  4  0  0  0  1/1    20:33   2:08   2:08 
Devin Shore              0  0  0   0  0   0  1  0  0  0  3/6     3:18   0:00   0:00 
Jakob Chychrun           0  1  1   0  0   0  0  3  0  0  0/0    19:59   3:00   0:00 
Joel Farabee             0  0  0   0  0   2  0  0  0  0  0/1    14:14   0:00   0:00 
Jonathan Drouin          0  0  0  -2  0   2  1  0  0  0  1/2    18:25   2:08   0:00 
Josh Anderson            0  0  0   0  0   1  4  0  0  0  1/2    14:14   0:00   0:00 
Kevin Shattenkirk        0  0  0  -3  0   0  0  0  0  0  0/0    21:30   2:08   3:25 
Kurtis MacDermid         0  0  0   0  2   0  1  0  0  0  0/0    17:29   0:00   2:01 
Lucas Wallmark           0  0  0   0  0   1  0  0  0  0  8/16   16:22   0:00   2:08 
Martin Fehervary         0  0  0   0  0   0  0  0  0  0  0/0     0:00   0:00   0:00 
Michael Dal Colle        0  0  0   0  2   0  1  0  0  0  0/0     3:17   0:00   0:00 
Mikhail Sergachev        0  0  0  -3  2   2  2  2  0  0  0/0    19:54   2:08   1:50 
Nick Leddy               0  0  0   0  2   1  1  2  0  0  0/0    21:37   2:33   2:06 
Nico Hischier            1  0  1  -1  0   3  0  0  0  0  18/35  21:55   3:00   4:19 
Nikita Zadorov           0  0  0   0  0   3  2  2  0  0  0/0    19:28   0:27   3:32 
Tomas Tatar              0  1  1  -1  0   2  4  0  0  0  0/2    25:13   3:00   4:19 
Tyler Toffoli            0  0  0  -1  0   3  1  1  0  0  0/0    17:36   3:00   0:00 

3 Stars

1 - Jakub Vrana (SAS)
2 - Anthony Duclair (SAS)
3 - William Nylander (SAS)

Power Play

SASKATOON DUCKS - 1 on 4 Attempt(s) - 25,00%
OAKLAND GORILLAS - 1 on 3 Attempt(s) - 33,33%

Penalty Kill

SASKATOON DUCKS - 2 on 3 Attempt(s) - 66,67% - Score 0 goal in Penalty Kill
OAKLAND GORILLAS - 3 on 4 Attempt(s) - 75,00% - Score 0 goal in Penalty Kill

Team Stat

SASKATOON DUCKS - Hits : 8 - Faceoff Wins : 46 - Blocked Shots : 7 - Penalty Minutes : 6
OAKLAND GORILLAS - Hits : 22 - Faceoff Wins : 41 - Blocked Shots : 10 - Penalty Minutes : 8

Official

Referees : Brandon Schrader and Dan O'Halloran
Linesman : Bevan Mills and Matt Brady

Game Notes

Charlie Lindgren enters game at 9:16 of 2nd period

Finance

Level 1 -- Attendance: 4653 (77,55%) -- Ticket Income 837 540 $
Level 2 -- Attendance: 5000 (100,00%) -- Ticket Income 500 000 $
Level 3 -- Attendance: 1573 (78,65%) -- Ticket Income 149 435 $
Level 4 -- Attendance: 3198 (79,95%) -- Ticket Income 239 850 $
Luxury Box -- Attendance: 1000 (100,00%) -- Ticket Income 240 000 $
Total Attendance: 15424 (85,69%)
Total Ticket Income: 1 966 825 $
Other Expense: 19 668 $
Total Income: 1 947 157 $

SASKATOON DUCKS

5 vs 5 Forward 
   Center                   Left Wing                Right Wing               Time % Phy DF OF 
 1 Ryan Strome              Artemi Panarin           William Nylander         35     0   4  1  
 2 Joe Thornton             Jakub Vrana              Anthony Duclair          31     0   4  1  
 3 Dylan Strome             Artemi Panarin           Warren Foegele           25     0   4  1  
 4 Tyler Bozak              Blake Comeau             Jason Spezza             9      0   4  1  

5 vs 5 Defense 
   Defense                  Defense                                           Time % Phy DF OF 
 1 Alex Goligoski           Ryan McDonagh                                     42     0   4  1  
 2 Zdeno Chara              Samuel Girard                                     35     0   5  0  
 3 Radko Gudas              Andrej Sekera                                     23     0   5  0  
 4 Radko Gudas              Ryan McDonagh                                     0      1   2  2  

PowerPlay Forward 
   Center                   Left Wing                Right Wing               Time % Phy DF OF 
 1 Ryan Strome              Artemi Panarin           William Nylander         50     0   1  4  
 2 Dylan Strome             Jakub Vrana              Anthony Duclair          50     0   1  4  

PowerPlay Defense
   Defense                  Defense                                           Time % Phy DF OF 
 1 Alex Goligoski           Ryan McDonagh                                     50     0   2  3  
 2 Zdeno Chara              Samuel Girard                                     50     0   2  3  

Penalty Kill 4 Players Forward 
   Center                   Wing                     Time % Phy DF OF 
 1 Joe Thornton             Warren Foegele           55     0   5  0  
 2 Tyler Bozak              Blake Comeau             45     0   5  0  

Penalty Kill 4 Players Defense
   Defense                  Defense                  Time % Phy DF OF 
 1 Ryan McDonagh            Alex Goligoski           55     0   5  0  
 2 Zdeno Chara              Radko Gudas              45     0   5  0  

Penalty Kill - 3 Players Forward 
   Forward                                           Time % Phy DF OF 
 1 Joe Thornton                                      55     0   5  0  
 2 Tyler Bozak                                       45     0   5  0  

Penalty Kill - 3 Players Defense
   Defense                  Defense                  Time % Phy DF OF 
 1 Alex Goligoski           Ryan McDonagh            55     0   5  0  
 2 Zdeno Chara              Radko Gudas              45     0   5  0  

4 vs 4 Forward 
   Center                   Wing                     Time % Phy DF OF 
 1 Ryan Strome              Artemi Panarin           55     1   2  2  
 2 Dylan Strome             Jakub Vrana              45     1   2  2  

4 vs 4 Defense
   Defense                  Defense                  Time % Phy DF OF 
 1 Alex Goligoski           Ryan McDonagh            55     1   2  2  
 2 Zdeno Chara              Samuel Girard            45     1   2  2  

Last Minutes Offensive
   Center                   Left Wing                Right Wing               Defense                  Defense                  
   Ryan Strome              Artemi Panarin           Jakub Vrana              Samuel Girard            Alex Goligoski           

Last Minutes Defensive
   Center                   Left Wing                Right Wing               Defense                  Defense                  
   Joe Thornton             Artemi Panarin           Ryan Strome              Alex Goligoski           Ryan McDonagh            

Goaltenders
Starting : Jordan Binnington        
Backup : Ryan Miller              

Extra Forwards
Normal : Ryan Strome, Artemi Panarin, Jakub Vrana - PP : Jakub Vrana, Anthony Duclair - PK : Anthony Duclair
Extra Defensemen
Normal : Alex Goligoski, Ryan McDonagh, Samuel Girard - PP : Alex Goligoski - PK : Andrej Sekera, Ryan McDonagh
Penalty Shots
Artemi Panarin, William Nylander, Ryan Strome, Jakub Vrana, Dylan Strome
Custom OT Lines Forwards
Ryan Strome, Artemi Panarin, William Nylander, Dylan Strome, Anthony Duclair, Joe Thornton, Jakub Vrana, Jason Spezza, Blake Comeau, Tyler Bozak
Custom OT Lines Defensemen
Alex Goligoski, Ryan McDonagh, Samuel Girard, Zdeno Chara, Andrej Sekera

Scratches
Sidney Crosby (Bruised Left Shoulder Injury), Kailer Yamamoto (Strained Left Knee Injury)

OAKLAND GORILLAS

5 vs 5 Forward 
   Center                   Left Wing                Right Wing               Time % Phy DF OF 
 1 Nico Hischier            Tomas Tatar              Tyler Toffoli            32     1   2  2  
 2 Alexander Wennberg       Jonathan Drouin          Colin White              31     1   2  2  
 3 Lucas Wallmark           Joel Farabee             Josh Anderson            27     1   2  2  
 4 Devin Shore              Michael Dal Colle        Tomas Tatar              10     0   3  2  

5 vs 5 Defense 
   Defense                  Defense                                           Time % Phy DF OF 
 1 Jakob Chychrun           Nick Leddy                                        34     1   2  2  
 2 Kevin Shattenkirk        Mikhail Sergachev                                 33     1   2  2  
 3 Kurtis MacDermid         Nikita Zadorov                                    33     1   2  2  
 4 Nick Leddy               Mikhail Sergachev                                 0      1   2  2  

PowerPlay Forward 
   Center                   Left Wing                Right Wing               Time % Phy DF OF 
 1 Nico Hischier            Tomas Tatar              Tyler Toffoli            55     1   2  2  
 2 Alexander Wennberg       Jonathan Drouin          Colin White              45     1   2  2  

PowerPlay Defense
   Defense                  Defense                                           Time % Phy DF OF 
 1 Kevin Shattenkirk        Mikhail Sergachev                                 55     1   2  2  
 2 Nick Leddy               Jakob Chychrun                                    45     1   2  2  

Penalty Kill 4 Players Forward 
   Center                   Wing                     Time % Phy DF OF 
 1 Nico Hischier            Tomas Tatar              55     1   2  2  
 2 Lucas Wallmark           Colin White              45     1   2  2  

Penalty Kill 4 Players Defense
   Defense                  Defense                  Time % Phy DF OF 
 1 Nikita Zadorov           Nick Leddy               55     1   2  2  
 2 Kevin Shattenkirk        Mikhail Sergachev        45     1   2  2  

Penalty Kill - 3 Players Forward 
   Forward                                           Time % Phy DF OF 
 1 Tomas Tatar                                       55     1   2  2  
 2 Nico Hischier                                     45     1   2  2  

Penalty Kill - 3 Players Defense
   Defense                  Defense                  Time % Phy DF OF 
 1 Kevin Shattenkirk        Nick Leddy               55     1   2  2  
 2 Nikita Zadorov           Mikhail Sergachev        45     1   2  2  

4 vs 4 Forward 
   Center                   Wing                     Time % Phy DF OF 
 1 Nico Hischier            Tomas Tatar              55     1   2  2  
 2 Alexander Wennberg       Tyler Toffoli            45     1   2  2  

4 vs 4 Defense
   Defense                  Defense                  Time % Phy DF OF 
 1 Kevin Shattenkirk        Nick Leddy               55     1   2  2  
 2 Jakob Chychrun           Mikhail Sergachev        45     1   2  2  

Last Minutes Offensive
   Center                   Left Wing                Right Wing               Defense                  Defense                  
   Nico Hischier            Tomas Tatar              Tyler Toffoli            Kevin Shattenkirk        Nick Leddy               

Last Minutes Defensive
   Center                   Left Wing                Right Wing               Defense                  Defense                  
   Nico Hischier            Tomas Tatar              Tyler Toffoli            Kevin Shattenkirk        Nick Leddy               

Goaltenders
Starting : Matthew Murray           
Backup : Charlie Lindgren         

Extra Forwards
Normal : Lucas Wallmark, Devin Shore, Joel Farabee - PP : Lucas Wallmark, Joel Farabee - PK : Joel Farabee
Extra Defensemen
Normal : Nikita Zadorov, Kevin Shattenkirk, Kurtis MacDermid - PP : Nikita Zadorov - PK : Kevin Shattenkirk, Kurtis MacDermid
Penalty Shots
Tomas Tatar, Nico Hischier, Tyler Toffoli, Alexander Wennberg, Colin White
Custom OT Lines Forwards
Tomas Tatar, Nico Hischier, Tyler Toffoli, Alexander Wennberg, Colin White, Lucas Wallmark, Josh Anderson, Jonathan Drouin, Joel Farabee, Devin Shore
Custom OT Lines Defensemen
Kevin Shattenkirk, Nick Leddy, Kurtis MacDermid, Mikhail Sergachev, Nikita Zadorov

Scratches
Liam Foudy (Sprained Left Ankle Injury)

% Time on Ice - SASKATOON DUCKS

Lines # - Real PCT - Wanted PCT - Time Play
Normal Forward
1 - 28% - 35% - 13:35
2 - 36% - 31% - 17:34
3 - 16% - 25% - 7:49
4 - 20% - 9% - 9:27
Normal Defense
1 - 40% - 42% - 19:33
2 - 35% - 35% - 16:55
3 - 25% - 23% - 11:57
4 - 0% - 0% - 0:00
PP Forward
1 - 55% - 50% - 3:33
2 - 45% - 50% - 2:54
PP Defense
1 - 50% - 50% - 3:13
2 - 50% - 50% - 3:14
PK Forward
1 - 57% - 55% - 2:56
2 - 43% - 45% - 2:12
PK Defense
1 - 56% - 55% - 2:51
2 - 44% - 45% - 2:17
PK3 Forward
1 - 0% - 55%
2 - 0% - 45%
PK3 Defense
1 - 0% - 55%
2 - 0% - 45%
44 Forward
1 - 0% - 55%
2 - 0% - 45%
44 Defense
1 - 0% - 55%
2 - 0% - 45%
Last Minute Offensive  - 0:00
Last Minute Defensive  - 0:00
Total
Forward - 60:00
Defense - 60:00

% Time on Ice - OAKLAND GORILLAS

Lines # - Real PCT - Wanted PCT - Time Play
Normal Forward
1 - 30% - 32% - 14:36
2 - 34% - 31% - 16:17
3 - 29% - 27% - 14:14
4 - 7% - 10% - 3:18
Normal Defense
1 - 35% - 34% - 16:59
2 - 33% - 33% - 15:57
3 - 32% - 33% - 15:29
4 - 0% - 0% - 0:00
PP Forward
1 - 58% - 55% - 3:00
2 - 42% - 45% - 2:08
PP Defense
1 - 42% - 55% - 2:08
2 - 58% - 45% - 3:00
PK Forward
1 - 67% - 55% - 4:19
2 - 33% - 45% - 2:08
PK Defense
1 - 55% - 55% - 3:32
2 - 45% - 45% - 2:55
PK3 Forward
1 - 0% - 55%
2 - 0% - 45%
PK3 Defense
1 - 0% - 55%
2 - 0% - 45%
44 Forward
1 - 0% - 55%
2 - 0% - 45%
44 Defense
1 - 0% - 55%
2 - 0% - 45%
Last Minute Offensive  - 0:00
Last Minute Defensive  - 0:00
Total
Forward - 60:00
Defense - 60:00

Play-by-Play

1st period


0:01 of 1st period - Nico Hischier wins face-off versus Ryan Strome in neutral zone.
0:03 of 1st period - Off-side.
0:04 of 1st period - Joe Thornton wins face-off versus Alexander Wennberg in neutral zone.
0:07 of 1st period - Mikhail Sergachev is hit by Joe Thornton.
0:11 of 1st period - Colin White is hit by Jakub Vrana.
0:26 of 1st period - Shot by Jonathan Drouin.
0:26 of 1st period - Stopped by Jordan Binnington with a rebound.
0:52 of 1st period - Icing by Mikhail Sergachev.
0:53 of 1st period - Ryan Strome wins face-off versus Alexander Wennberg in OAKLAND GORILLAS zone.
1:08 of 1st period - Icing by Alex Goligoski.
1:09 of 1st period - Ryan Strome wins face-off versus Joel Farabee in SASKATOON DUCKS zone.
2:47 of 1st period - Shot by Tomas Tatar.
2:47 of 1st period - Shot Blocked by Radko Gudas.
2:49 of 1st period - Shot by Tyler Toffoli.
2:49 of 1st period - Stopped by Jordan Binnington without a rebound.
2:50 of 1st period - Joe Thornton wins face-off versus Alexander Wennberg in SASKATOON DUCKS zone.
3:23 of 1st period - Shot by Anthony Duclair.
3:23 of 1st period - Goal by Anthony Duclair - SASKATOON DUCKS : 1 - OAKLAND GORILLAS : 0.
3:24 of 1st period - Nico Hischier wins face-off versus Warren Foegele in neutral zone.
3:39 of 1st period - Shot by Nico Hischier.
3:39 of 1st period - Stopped by Jordan Binnington without a rebound.
3:40 of 1st period - Devin Shore wins face-off versus Tyler Bozak in SASKATOON DUCKS zone.
4:01 of 1st period - Radko Gudas is hit by Devin Shore and loses puck.
4:46 of 1st period - Icing by Ryan McDonagh.
4:47 of 1st period - Dylan Strome wins face-off versus Lucas Wallmark in SASKATOON DUCKS zone.
4:47 of 1st period - Dylan Strome is hit by Josh Anderson.
5:33 of 1st period - Shot by Jakub Vrana.
5:33 of 1st period - Stopped by Matthew Murray without a rebound.
5:34 of 1st period - Joe Thornton wins face-off versus Alexander Wennberg in OAKLAND GORILLAS zone.
5:49 of 1st period - Shot by Joe Thornton.
5:49 of 1st period - Shot Misses the Net.
6:35 of 1st period - Minor Penalty to Anthony Duclair for Hooking.
6:36 of 1st period - Tyler Bozak wins face-off versus Nico Hischier in SASKATOON DUCKS zone.
7:10 of 1st period - Warren Foegele is hit by Nick Leddy and loses puck.
8:30 of 1st period - Shot by Nico Hischier.
8:30 of 1st period - Shot Misses the Net.
8:32 of 1st period - Shot by Tomas Tatar.
8:32 of 1st period - Stopped by Jordan Binnington without a rebound.
8:33 of 1st period - Tyler Bozak wins face-off versus Alexander Wennberg in SASKATOON DUCKS zone.
8:44 of 1st period - Icing by Joel Farabee.
8:45 of 1st period - Josh Anderson wins face-off versus Ryan Strome in OAKLAND GORILLAS zone.
8:54 of 1st period - Shot by William Nylander.
8:54 of 1st period - Shot Blocked by Nikita Zadorov.
10:07 of 1st period - Icing by Kurtis MacDermid.
10:08 of 1st period - Lucas Wallmark wins face-off versus Tyler Bozak in OAKLAND GORILLAS zone.
11:23 of 1st period - Shot by Alex Goligoski.
11:23 of 1st period - Stopped by Matthew Murray without a rebound.
11:24 of 1st period - Alexander Wennberg wins face-off versus Anthony Duclair in OAKLAND GORILLAS zone.
11:55 of 1st period - Icing by Radko Gudas.
11:56 of 1st period - Anthony Duclair wins face-off versus Devin Shore in SASKATOON DUCKS zone.
11:56 of 1st period - Anthony Duclair is hit by Michael Dal Colle.
11:57 of 1st period - Minor Penalty to Michael Dal Colle for Roughing.
11:58 of 1st period - Ryan Strome wins face-off versus Nico Hischier in OAKLAND GORILLAS zone.
12:17 of 1st period - Shot by William Nylander.
12:17 of 1st period - Stopped by Matthew Murray without a rebound.
12:18 of 1st period - Nico Hischier wins face-off versus Dylan Strome in OAKLAND GORILLAS zone.
12:24 of 1st period - Icing by Dylan Strome.
12:25 of 1st period - Dylan Strome wins face-off versus Nico Hischier in SASKATOON DUCKS zone.
12:27 of 1st period - Icing by Anthony Duclair.
12:28 of 1st period - Dylan Strome wins face-off versus Nico Hischier in SASKATOON DUCKS zone.
12:42 of 1st period - Shot by Zdeno Chara.
12:42 of 1st period - Stopped by Matthew Murray without a rebound.
12:43 of 1st period - Nico Hischier wins face-off versus Ryan Strome in OAKLAND GORILLAS zone.
12:49 of 1st period - Icing by Alex Goligoski.
12:50 of 1st period - Ryan Strome wins face-off versus Tomas Tatar in SASKATOON DUCKS zone.
12:50 of 1st period - Ryan Strome is hit by Tomas Tatar.
13:16 of 1st period - Shot by Artemi Panarin.
13:16 of 1st period - Deflect By Ryan Strome.
13:16 of 1st period - Stopped by Matthew Murray without a rebound.
13:17 of 1st period - Nico Hischier wins face-off versus Dylan Strome in OAKLAND GORILLAS zone.
13:43 of 1st period - Icing by Samuel Girard.
13:44 of 1st period - Nico Hischier wins face-off versus Dylan Strome in SASKATOON DUCKS zone.
13:59 of 1st period - Shot by Jakub Vrana.
13:59 of 1st period - Goal by Jakub Vrana - SASKATOON DUCKS : 2 - OAKLAND GORILLAS : 0.
14:00 of 1st period - Artemi Panarin wins face-off versus Nico Hischier in neutral zone.
14:12 of 1st period - Shot by William Nylander.
14:12 of 1st period - Shot Blocked by Nick Leddy.
14:14 of 1st period - Shot by Artemi Panarin.
14:14 of 1st period - Stopped by Matthew Murray without a rebound.
14:15 of 1st period - Alexander Wennberg wins face-off versus Tyler Bozak in OAKLAND GORILLAS zone.
15:33 of 1st period - Shot by Ryan Strome.
15:33 of 1st period - Shot Misses the Net.
15:39 of 1st period - Shot by Artemi Panarin.
15:39 of 1st period - Stopped by Matthew Murray without a rebound.
15:40 of 1st period - Lucas Wallmark wins face-off versus Joe Thornton in OAKLAND GORILLAS zone.
15:47 of 1st period - Anthony Duclair is hit by Josh Anderson and loses puck.
16:01 of 1st period - Shot by Jakub Vrana.
16:01 of 1st period - Shot Misses the Net.
16:15 of 1st period - Shot by Joel Farabee.
16:15 of 1st period - Stopped by Jordan Binnington without a rebound.
16:16 of 1st period - Nico Hischier wins face-off versus Artemi Panarin in SASKATOON DUCKS zone.
17:03 of 1st period - Shot by Tyler Toffoli.
17:03 of 1st period - Shot Blocked by Ryan McDonagh.
17:34 of 1st period - Shot by Jakub Vrana.
17:34 of 1st period - Shot Blocked by Tyler Toffoli.
17:36 of 1st period - Shot by Anthony Duclair.
17:36 of 1st period - Shot Misses the Net.
17:38 of 1st period - Shot by Joe Thornton.
17:38 of 1st period - Stopped by Matthew Murray without a rebound.
17:39 of 1st period - Tyler Bozak wins face-off versus Jonathan Drouin in OAKLAND GORILLAS zone.
17:49 of 1st period - Off-side.
17:50 of 1st period - Joe Thornton wins face-off versus Lucas Wallmark in neutral zone.
17:55 of 1st period - Icing by Josh Anderson.
17:56 of 1st period - Joe Thornton wins face-off versus Lucas Wallmark in OAKLAND GORILLAS zone.
18:48 of 1st period - Icing by Samuel Girard.
18:49 of 1st period - Alexander Wennberg wins face-off versus Joe Thornton in SASKATOON DUCKS zone.
19:23 of 1st period - Anthony Duclair is hit by Kurtis MacDermid and loses puck.
19:52 of 1st period - Shot by Warren Foegele.
19:52 of 1st period - Shot Blocked by Nick Leddy.
Goals for this period are 2 for SASKATOON DUCKS vs 0 for OAKLAND GORILLAS.
Shots for this period are 10 for SASKATOON DUCKS vs 5 for OAKLAND GORILLAS.

2nd period


0:01 of 2nd period - Nico Hischier wins face-off versus Ryan Strome in neutral zone.
0:06 of 2nd period - Artemi Panarin is hit by Tyler Toffoli and loses puck.
1:19 of 2nd period - Shot by Alexander Wennberg.
1:19 of 2nd period - Shot Misses the Net.
1:23 of 2nd period - Shot by Alexander Wennberg.
1:23 of 2nd period - Shot Blocked by Andrej Sekera.
1:42 of 2nd period - Icing by Kevin Shattenkirk.
1:43 of 2nd period - Tyler Bozak wins face-off versus Alexander Wennberg in OAKLAND GORILLAS zone.
1:56 of 2nd period - Icing by Mikhail Sergachev.
1:57 of 2nd period - Alexander Wennberg wins face-off versus Artemi Panarin in OAKLAND GORILLAS zone.
1:59 of 2nd period - Icing by Colin White.
2:00 of 2nd period - Alexander Wennberg wins face-off versus Dylan Strome in OAKLAND GORILLAS zone.
2:04 of 2nd period - Off-side.
2:05 of 2nd period - Dylan Strome wins face-off versus Nico Hischier in neutral zone.
2:10 of 2nd period - Shot by Warren Foegele.
2:10 of 2nd period - Shot Misses the Net.
4:17 of 2nd period - Shot by Blake Comeau.
4:17 of 2nd period - Stopped by Matthew Murray without a rebound.
4:18 of 2nd period - Colin White wins face-off versus Ryan Strome in OAKLAND GORILLAS zone.
4:23 of 2nd period - Shot by Jonathan Drouin.
4:23 of 2nd period - Stopped by Jordan Binnington with a rebound.
4:33 of 2nd period - Shot by Ryan Strome.
4:33 of 2nd period - Deflect By Artemi Panarin.
4:33 of 2nd period - Stopped by Matthew Murray without a rebound.
4:34 of 2nd period - Nico Hischier wins face-off versus Dylan Strome in OAKLAND GORILLAS zone.
4:47 of 2nd period - Shot by Dylan Strome.
4:47 of 2nd period - Stopped by Matthew Murray with a rebound.
6:08 of 2nd period - Jakub Vrana is hit by Nikita Zadorov and loses puck.
6:25 of 2nd period - Shot by Blake Comeau.
6:25 of 2nd period - Stopped by Matthew Murray with a rebound.
6:33 of 2nd period - Radko Gudas is hit by Colin White and loses puck.
6:43 of 2nd period - Blake Comeau is hit by Jonathan Drouin and loses puck.
7:17 of 2nd period - Minor Penalty to Kurtis MacDermid for High sticking.
7:18 of 2nd period - Dylan Strome wins face-off versus Nico Hischier in OAKLAND GORILLAS zone.
7:47 of 2nd period - Shot by Jakub Vrana.
7:47 of 2nd period - Goal by Jakub Vrana - SASKATOON DUCKS : 3 - OAKLAND GORILLAS : 0.
7:48 of 2nd period - Ryan Strome wins face-off versus Lucas Wallmark in neutral zone.
8:16 of 2nd period - Icing by Samuel Girard.
8:17 of 2nd period - Ryan Strome wins face-off versus Devin Shore in SASKATOON DUCKS zone.
8:25 of 2nd period - Off-side.
8:26 of 2nd period - Nico Hischier wins face-off versus Joe Thornton in neutral zone.
8:31 of 2nd period - Icing by Joe Thornton.
8:32 of 2nd period - Lucas Wallmark wins face-off versus Joe Thornton in SASKATOON DUCKS zone.
8:36 of 2nd period - Icing by Ryan McDonagh.
8:37 of 2nd period - Joe Thornton wins face-off versus Lucas Wallmark in SASKATOON DUCKS zone.
8:48 of 2nd period - Shot by Anthony Duclair.
8:48 of 2nd period - Stopped by Matthew Murray without a rebound.
8:49 of 2nd period - Nico Hischier wins face-off versus Ryan Strome in OAKLAND GORILLAS zone.
9:14 of 2nd period - Shot by William Nylander.
9:14 of 2nd period - Shot Misses the Net.
9:16 of 2nd period - Shot by William Nylander.
9:16 of 2nd period - Goal by William Nylander - SASKATOON DUCKS : 4 - OAKLAND GORILLAS : 0.
9:16 of 2nd period - Charlie Lindgren enters game.
9:17 of 2nd period - Jonathan Drouin wins face-off versus Joe Thornton in neutral zone.
9:44 of 2nd period - Shot by Jonathan Drouin.
9:44 of 2nd period - Shot Blocked by Ryan McDonagh.
9:46 of 2nd period - Shot by Nikita Zadorov.
9:46 of 2nd period - Stopped by Jordan Binnington without a rebound.
9:47 of 2nd period - Devin Shore wins face-off versus Ryan Strome in SASKATOON DUCKS zone.
9:48 of 2nd period - Shot by Tomas Tatar.
9:48 of 2nd period - Deflect By Devin Shore.
9:48 of 2nd period - Shot Misses the Net.
9:50 of 2nd period - Shot by Nick Leddy.
9:50 of 2nd period - Stopped by Jordan Binnington without a rebound.
9:51 of 2nd period - Devin Shore wins face-off versus William Nylander in SASKATOON DUCKS zone.
9:52 of 2nd period - Shot by Tomas Tatar.
9:52 of 2nd period - Shot Blocked by Radko Gudas.
10:49 of 2nd period - Icing by Tomas Tatar.
10:50 of 2nd period - Joe Thornton wins face-off versus Devin Shore in OAKLAND GORILLAS zone.
11:17 of 2nd period - Josh Anderson is hit by Joe Thornton and loses puck.
11:51 of 2nd period - Jakub Vrana is hit by Josh Anderson and loses puck.
12:21 of 2nd period - Icing by Ryan McDonagh.
12:22 of 2nd period - Joe Thornton wins face-off versus Alexander Wennberg in SASKATOON DUCKS zone.
12:43 of 2nd period - Shot by Alexander Wennberg.
12:43 of 2nd period - Shot Misses the Net.
12:45 of 2nd period - Shot by Mikhail Sergachev.
12:45 of 2nd period - Stopped by Jordan Binnington without a rebound.
12:46 of 2nd period - Dylan Strome wins face-off versus Nico Hischier in SASKATOON DUCKS zone.
13:16 of 2nd period - Icing by Artemi Panarin.
13:17 of 2nd period - Dylan Strome wins face-off versus Alexander Wennberg in SASKATOON DUCKS zone.
13:17 of 2nd period - Artemi Panarin is hit by Colin White and loses puck.
13:23 of 2nd period - Samuel Girard is hit by Mikhail Sergachev and loses puck.
13:26 of 2nd period - Shot by Dylan Strome.
13:26 of 2nd period - Shot Misses the Net.
13:31 of 2nd period - Minor Penalty to Mikhail Sergachev for Holding.
13:32 of 2nd period - Nico Hischier wins face-off versus Ryan Strome in OAKLAND GORILLAS zone.
15:32 of 2nd period - Shot by Tyler Bozak.
15:32 of 2nd period - Shot Misses the Net.
16:14 of 2nd period - Icing by Nick Leddy.
16:15 of 2nd period - Alexander Wennberg wins face-off versus Dylan Strome in OAKLAND GORILLAS zone.
16:15 of 2nd period - Alexander Wennberg is hit by Warren Foegele.
17:15 of 2nd period - Minor Penalty to Zdeno Chara for Boarding.
17:16 of 2nd period - Joe Thornton wins face-off versus Nico Hischier in SASKATOON DUCKS zone.
17:22 of 2nd period - Icing by Nico Hischier.
17:23 of 2nd period - Joe Thornton wins face-off versus Nico Hischier in OAKLAND GORILLAS zone.
17:26 of 2nd period - Shot by Joe Thornton.
17:26 of 2nd period - Shot Misses the Net.
17:40 of 2nd period - Shot by Joe Thornton.
17:40 of 2nd period - Shot Misses the Net.
17:42 of 2nd period - Shot by Joe Thornton.
17:42 of 2nd period - Shot Misses the Net.
18:10 of 2nd period - Blake Comeau is hit by Colin White and loses puck.
19:55 of 2nd period - Ryan Strome is hit by Nikita Zadorov and loses puck.
Goals for this period are 2 for SASKATOON DUCKS vs 0 for OAKLAND GORILLAS.
Shots for this period are 7 for SASKATOON DUCKS vs 4 for OAKLAND GORILLAS.

3rd period


0:01 of 3rd period - Ryan Strome wins face-off versus Nico Hischier in neutral zone.
0:08 of 3rd period - Shot by Ryan Strome.
0:08 of 3rd period - Stopped by Charlie Lindgren without a rebound.
0:09 of 3rd period - Ryan Strome wins face-off versus Nico Hischier in OAKLAND GORILLAS zone.
0:45 of 3rd period - Shot by Nico Hischier.
0:45 of 3rd period - Shot Blocked by Ryan McDonagh.
0:47 of 3rd period - Shot by Kurtis MacDermid.
0:47 of 3rd period - Shot Misses the Net.
0:49 of 3rd period - Shot by Nikita Zadorov.
0:49 of 3rd period - Stopped by Jordan Binnington with a rebound.
0:51 of 3rd period - Shot by Tyler Toffoli.
0:51 of 3rd period - Shot Misses the Net.
1:05 of 3rd period - Shot by Mikhail Sergachev.
1:05 of 3rd period - Stopped by Jordan Binnington without a rebound.
1:06 of 3rd period - Lucas Wallmark wins face-off versus Joe Thornton in SASKATOON DUCKS zone.
1:41 of 3rd period - Off-side.
1:42 of 3rd period - Tyler Bozak wins face-off versus Alexander Wennberg in neutral zone.
2:36 of 3rd period - Off-side.
2:37 of 3rd period - Nico Hischier wins face-off versus Warren Foegele in neutral zone.
2:37 of 3rd period - Tomas Tatar is hit by Warren Foegele and loses puck.
2:57 of 3rd period - Shot by Tyler Toffoli.
2:57 of 3rd period - Stopped by Jordan Binnington without a rebound.
2:58 of 3rd period - Lucas Wallmark wins face-off versus Joe Thornton in SASKATOON DUCKS zone.
3:25 of 3rd period - Shot by Joe Thornton.
3:25 of 3rd period - Deflect By Anthony Duclair.
3:25 of 3rd period - Shot Blocked by Jakob Chychrun.
3:35 of 3rd period - Shot by Anthony Duclair.
3:35 of 3rd period - Shot Blocked by Jakob Chychrun.
3:37 of 3rd period - Shot by Anthony Duclair.
3:37 of 3rd period - Shot Misses the Net.
3:40 of 3rd period - Minor Penalty to Nick Leddy for Hooking.
3:41 of 3rd period - Artemi Panarin wins face-off versus Nico Hischier in OAKLAND GORILLAS zone.
4:02 of 3rd period - Shot by Samuel Girard.
4:02 of 3rd period - Stopped by Charlie Lindgren without a rebound.
4:03 of 3rd period - Nico Hischier wins face-off versus Jakub Vrana in OAKLAND GORILLAS zone.
4:24 of 3rd period - Shot by Jakub Vrana.
4:24 of 3rd period - Shot Misses the Net.
4:26 of 3rd period - Shot by Ryan McDonagh.
4:26 of 3rd period - Shot Misses the Net.
4:28 of 3rd period - Shot by Ryan McDonagh.
4:28 of 3rd period - Shot Blocked by Nikita Zadorov.
4:30 of 3rd period - Shot by Alex Goligoski.
4:30 of 3rd period - Stopped by Charlie Lindgren with a rebound.
4:32 of 3rd period - Shot by Alex Goligoski.
4:32 of 3rd period - Stopped by Charlie Lindgren without a rebound.
4:33 of 3rd period - Ryan Strome wins face-off versus Lucas Wallmark in OAKLAND GORILLAS zone.
4:50 of 3rd period - Shot by William Nylander.
4:50 of 3rd period - Shot Misses the Net.
4:52 of 3rd period - Shot by Ryan Strome.
4:52 of 3rd period - Shot Misses the Net.
5:02 of 3rd period - Shot by Ryan Strome.
5:02 of 3rd period - Shot Misses the Net.
6:04 of 3rd period - Tomas Tatar is hit by Blake Comeau and loses puck.
6:17 of 3rd period - Shot by Tyler Bozak.
6:17 of 3rd period - Stopped by Charlie Lindgren without a rebound.
6:18 of 3rd period - Anthony Duclair wins face-off versus Alexander Wennberg in OAKLAND GORILLAS zone.
6:23 of 3rd period - Shot by Jakub Vrana.
6:23 of 3rd period - Stopped by Charlie Lindgren without a rebound.
6:24 of 3rd period - Alexander Wennberg wins face-off versus Ryan Strome in OAKLAND GORILLAS zone.
6:28 of 3rd period - Icing by Jonathan Drouin.
6:29 of 3rd period - Ryan Strome wins face-off versus Alexander Wennberg in OAKLAND GORILLAS zone.
7:02 of 3rd period - Shot by William Nylander.
7:02 of 3rd period - Shot Blocked by Mikhail Sergachev.
7:42 of 3rd period - Shot by Nico Hischier.
7:42 of 3rd period - Shot Blocked by Zdeno Chara.
8:13 of 3rd period - Icing by Tyler Toffoli.
8:14 of 3rd period - Nico Hischier wins face-off versus Tyler Bozak in OAKLAND GORILLAS zone.
8:41 of 3rd period - Blake Comeau is hit by Tomas Tatar and loses puck.
8:49 of 3rd period - Icing by Radko Gudas.
8:50 of 3rd period - Tyler Bozak wins face-off versus Lucas Wallmark in SASKATOON DUCKS zone.
9:22 of 3rd period - Shot by Nick Leddy.
9:22 of 3rd period - Shot Misses the Net.
9:24 of 3rd period - Shot by Nick Leddy.
9:24 of 3rd period - Shot Misses the Net.
9:26 of 3rd period - Shot by Lucas Wallmark.
9:26 of 3rd period - Deflect By Joel Farabee.
9:26 of 3rd period - Shot Misses the Net.
9:28 of 3rd period - Shot by Nick Leddy.
9:28 of 3rd period - Shot Misses the Net.
9:56 of 3rd period - Ryan Strome is hit by Mikhail Sergachev and loses puck.
11:04 of 3rd period - Icing by Anthony Duclair.
11:05 of 3rd period - Joe Thornton wins face-off versus Nico Hischier in SASKATOON DUCKS zone.
11:20 of 3rd period - Shot by Joe Thornton.
11:20 of 3rd period - Shot Misses the Net.
11:22 of 3rd period - Shot by Zdeno Chara.
11:22 of 3rd period - Shot Blocked by Jakob Chychrun.
11:34 of 3rd period - Shot by Anthony Duclair.
11:34 of 3rd period - Stopped by Charlie Lindgren without a rebound.
11:35 of 3rd period - Dylan Strome wins face-off versus Lucas Wallmark in OAKLAND GORILLAS zone.
12:27 of 3rd period - Off-side.
12:28 of 3rd period - Joe Thornton wins face-off versus Tomas Tatar in neutral zone.
12:39 of 3rd period - Shot by Joe Thornton.
12:39 of 3rd period - Shot Misses the Net.
13:17 of 3rd period - Icing by Andrej Sekera.
13:18 of 3rd period - Joe Thornton wins face-off versus Alexander Wennberg in SASKATOON DUCKS zone.
13:39 of 3rd period - Shot by Artemi Panarin.
13:39 of 3rd period - Shot Blocked by Mikhail Sergachev.
13:41 of 3rd period - Shot by William Nylander.
13:41 of 3rd period - Shot Misses the Net.
13:59 of 3rd period - Shot by Artemi Panarin.
13:59 of 3rd period - Stopped by Charlie Lindgren with a rebound.
14:01 of 3rd period - Shot by Ryan Strome.
14:01 of 3rd period - Shot Misses the Net.
14:11 of 3rd period - Shot by Artemi Panarin.
14:11 of 3rd period - Shot Misses the Net.
14:13 of 3rd period - Shot by William Nylander.
14:13 of 3rd period - Shot Misses the Net.
14:45 of 3rd period - Shot by Blake Comeau.
14:45 of 3rd period - Shot Misses the Net.
14:47 of 3rd period - Shot by Ryan McDonagh.
14:47 of 3rd period - Stopped by Charlie Lindgren without a rebound.
14:48 of 3rd period - Nico Hischier wins face-off versus Anthony Duclair in OAKLAND GORILLAS zone.
15:07 of 3rd period - Shot by Anthony Duclair.
15:07 of 3rd period - Stopped by Charlie Lindgren with a rebound.
15:17 of 3rd period - Shot by Joe Thornton.
15:17 of 3rd period - Stopped by Charlie Lindgren without a rebound.
15:18 of 3rd period - Lucas Wallmark wins face-off versus Dylan Strome in OAKLAND GORILLAS zone.
15:37 of 3rd period - Shot by Joel Farabee.
15:37 of 3rd period - Shot Misses the Net.
15:39 of 3rd period - Shot by Josh Anderson.
15:39 of 3rd period - Stopped by Jordan Binnington without a rebound.
15:40 of 3rd period - Tyler Bozak wins face-off versus Nico Hischier in SASKATOON DUCKS zone.
15:56 of 3rd period - Minor Penalty to Blake Comeau for Hooking.
15:57 of 3rd period - Warren Foegele wins face-off versus Alexander Wennberg in SASKATOON DUCKS zone.
16:12 of 3rd period - Warren Foegele is hit by Colin White and loses puck.
16:54 of 3rd period - Icing by Tyler Toffoli.
16:55 of 3rd period - Tyler Bozak wins face-off versus Nico Hischier in OAKLAND GORILLAS zone.
17:06 of 3rd period - Shot by Nico Hischier.
17:06 of 3rd period - Goal by Nico Hischier - SASKATOON DUCKS : 4 - OAKLAND GORILLAS : 1.
17:07 of 3rd period - Lucas Wallmark wins face-off versus Ryan Strome in neutral zone.
17:14 of 3rd period - Shot by Lucas Wallmark.
17:14 of 3rd period - Stopped by Jordan Binnington with a rebound.
17:16 of 3rd period - Shot by Lucas Wallmark.
17:16 of 3rd period - Shot Misses the Net.
17:18 of 3rd period - Shot by Joel Farabee.
17:18 of 3rd period - Stopped by Jordan Binnington without a rebound.
17:19 of 3rd period - Joe Thornton wins face-off versus Nico Hischier in SASKATOON DUCKS zone.
17:19 of 3rd period - Joe Thornton is hit by Tomas Tatar.
17:25 of 3rd period - Alex Goligoski is hit by Tomas Tatar and loses puck.
17:40 of 3rd period - Shot by Nico Hischier.
17:40 of 3rd period - Stopped by Jordan Binnington without a rebound.
17:41 of 3rd period - Alexander Wennberg wins face-off versus Dylan Strome in SASKATOON DUCKS zone.
18:07 of 3rd period - Shot by Warren Foegele.
18:07 of 3rd period - Stopped by Charlie Lindgren without a rebound.
18:08 of 3rd period - Nico Hischier wins face-off versus Joe Thornton in OAKLAND GORILLAS zone.
18:15 of 3rd period - Shot by Tyler Toffoli.
18:15 of 3rd period - Shot Misses the Net.
18:17 of 3rd period - Shot by Tomas Tatar.
18:17 of 3rd period - Shot Misses the Net.
18:19 of 3rd period - Shot by Tyler Toffoli.
18:19 of 3rd period - Stopped by Jordan Binnington with a rebound.
18:25 of 3rd period - Shot by Nico Hischier.
18:25 of 3rd period - Deflect By Tomas Tatar.
18:25 of 3rd period - Stopped by Jordan Binnington without a rebound.
18:26 of 3rd period - Alexander Wennberg wins face-off versus Ryan Strome in SASKATOON DUCKS zone.
18:36 of 3rd period - Alexander Wennberg is hit by Zdeno Chara and loses puck.
18:49 of 3rd period - Shot by William Nylander.
18:49 of 3rd period - Stopped by Charlie Lindgren without a rebound.
18:50 of 3rd period - Nico Hischier wins face-off versus Joe Thornton in OAKLAND GORILLAS zone.
19:27 of 3rd period - Shot by Tomas Tatar.
19:27 of 3rd period - Shot Misses the Net.
19:29 of 3rd period - Shot by Nikita Zadorov.
19:29 of 3rd period - Stopped by Jordan Binnington without a rebound.
19:30 of 3rd period - Ryan Strome wins face-off versus Josh Anderson in SASKATOON DUCKS zone.
19:30 of 3rd period - Ryan Strome is hit by Josh Anderson.
19:39 of 3rd period - Icing by Kevin Shattenkirk.
19:40 of 3rd period - Lucas Wallmark wins face-off versus Dylan Strome in OAKLAND GORILLAS zone.
19:40 of 3rd period - Lucas Wallmark is hit by Warren Foegele.
Goals for this period are 0 for SASKATOON DUCKS vs 1 for OAKLAND GORILLAS.
Shots for this period are 13 for SASKATOON DUCKS vs 11 for OAKLAND GORILLAS.


DARCY
KUEMPER
JAKE
OETTINGER
NINO
NIEDERREITER

EAST COAST

HOCKEY LEAGUE

  • 1.CHI2QUE4
  • 2.LIM2CHA3
  • 3.LON3TRV5
  • 4.BAL5CHW6
  • 5.MANPIT
  • 6.NHWATL
  • 7.PETWOR
  • 8.RHI